 Dungeon Crawl Stone Soup version 0.30-a0-800-g7c544603b3 (webtiles) character file.

Game seed: 3890600479074632558

147 Farfigtubin the Sneak (level 5, 32/32 HPs)
             Began as a Kobold Brigand on Feb 22, 2023.
             Was an Initiate of Wu Jian.
             Quit the game on level 1 of the Dungeon.
             The game lasted 00:19:11 (2156 turns).

Farfigtubin the Sneak (Kobold Brigand)              Turns: 2156, Time: 00:19:12

Health: 32/32      AC:  3    Str:  8    XL:     5   Next: 55%
Magic:  5/5        EV: 19    Int: 12    God:    Wu Jian [......]
Gold:   69         SH:  0    Dex: 19    Spells: 4/4 levels left

rFire   . . .      SeeInvis .    m - +11 dagger of the Stained God {drain, rN+}
rCold   . . .      Faith    .    (no shield)
rNeg    + . .      Spirit   .    b - +0 robe
rPois   .          Reflect  .    (no helmet)
rElec   .          Harm     .    c - +0 cloak
rCorr   .          Rampage  .    (no gloves)
Will    .....                    (no boots)
Stlth   +++++                    (no amulet)
HPRegen 0.25/turn                l - +5 ring of evasion
MPRegen 0.09/turn                (no ring)

@: no status effects
A: small, no large weapons, nightstalker 3
a: Renounce Religion


You were on level 1 of the Dungeon.
You worshipped Wu Jian.
Wu Jian was noncommittal.
You visited 1 branch of the dungeon, and saw 3 of its levels.

You collected 69 gold pieces.

Inventory:

Hand Weapons
 a - a +2 dagger
 m - the +11 dagger of the Stained God (weapon) {drain, rN+}
   (You found it on level 3 of the Dungeon)

   rN:        It protects you from negative energy.
Missiles
 d - 9 poisoned darts (quivered)
 e - 3 curare-tipped darts
 g - 9 stones
 o - a throwing net
Armour
 b - a +0 robe (worn)
 c - a +0 cloak (worn)
Jewellery
 k - a ring of fire
 l - a +5 ring of evasion (left hand)
Scrolls
 f - a scroll of blinking {unknown}
 h - 2 scrolls of identify {unknown}
 i - a scroll of teleportation {unknown}
 j - 2 scrolls of magic mapping {unknown}
Potions
 n - 2 potions of attraction {unknown}


   Skills:
 + Level 3.4 Fighting
 + Level 4.2 Short Blades
 - Level 2.1 Throwing
 - Level 1.2 Dodging
 * Level 7.3 Stealth


You had 4 spell levels left.
You didn't know any spells.
Your spell library contained the following spells:

 Spells                   Type           Power      Damage    Failure   Level
 Ensorcelled Hibernation  Hex/Ice        0%         N/A       45%         2
 Passwall                 Tmut/Erth      0%         N/A       45%         2
 Static Discharge         Conj/Air       0%         2-2/arc   45%         2
 Swiftness                Air            0%         N/A       69%         3
 Vhi's Electric Charge    Tloc/Air       0%         N/A       69%         3
 Arcjolt                  Conj/Air       0%         1d10      100%        5
 Lightning Bolt           Conj/Air       0%         1d11      100%        5


Dungeon Overview and Level Annotations

Branches:
Dungeon (3/15)

Altars:
Sif Muna
Wu Jian
The Shining One


Innate Abilities, Weirdness & Mutations

You are small and have problems with some larger weapons.
You are completely attuned to the shadows.


Message History

You hit the gnoll. You drain the gnoll.
The gnoll is almost dead.
The gnoll closely misses you.
You puncture the gnoll!
You kill the gnoll!
The Council accepts your kill.
You see here a +0 flail.
You start resting.
HP restored.
There is an open door here.
There is a stone staircase leading down here.
You climb downwards.
There is a stone staircase leading up here.
You see here a +0 whip.
n - 2 orange potions
o - a throwing net
Things that are here:
a +0 spear; a gnoll corpse
Things that are here:
a +0 halberd; a gnoll corpse You now have 69 gold pieces (gained 15).
There is a stone staircase leading up here.
You climb upwards.
There is a stone staircase leading down here.
You see here an adder skeleton.
There is an open door here.
There is an open door here.
You see here a +0 short sword.
You open the door.
There is an open door here.
There is an open door here.
There is a stone staircase leading up here.
You climb upwards.
There is a stone staircase leading down here.
Unknown command.
Saving game... please wait.
Welcome back, Farfigtubin the Kobold Brigand.
The Council says: Follow the path of wisdom and battle!
Press ? for a list of commands and other information.
Are you sure you want to abandon this character and quit the game? (Confirm with "yes".)

#.....# #.###.# #.# #.#
#########.###.###
#.......#.#.....#
#.#####.#.#.....# #####
#.# #.#.#.....######....
#.# #.#.#.....##........
#.# #†#@......##.##.....
#.# #.......####..#.....
#.# ###.##..#####.#.....
#.# #.................
#.# #####...###.#.####
#.# #####.#...#.#.# #.#
#...).###.#.#.#
##.#######.#######.#.#.#
#...........#..........#


There were no monsters in sight!

Vanquished Creatures
  7 gnolls
  3 adders (D:2)
  A worm (D:2)
  A dart slug (D:2)
  4 ball pythons
  2 endoplasms
  4 giant cockroaches
  8 goblins
  2 hobgoblins (D:1)
  3 jackals (D:1)
  6 kobolds
  A quokka (D:1)
  8 bats
  A rat (D:3)
51 creatures vanquished.

Notes
Turn   | Place    | Note
-------+----------+-------------------------------------------
     0 | D:1      | Farfigtubin the Kobold Brigand began the quest for the Orb.
     0 | D:1      | Reached XP level 1. HP: 12/12 MP: 1/1
   200 | D:1      | Reached XP level 2. HP: 4/18 MP: 2/2
   612 | D:2      | Reached skill level 6 in Stealth
   612 | D:2      | Reached XP level 3. HP: 22/22 MP: 3/3
   627 | D:2      | Reached XP level 4. HP: 19/27 MP: 4/4
  1908 | D:2      | Reached skill level 7 in Stealth
  1908 | D:2      | Reached XP level 5. HP: 32/32 MP: 5/5
  1937 | D:3      | Found a shimmering blue altar of Sif Muna.
  1937 | D:3      | Found an ornate altar of the Wu Jian Council.
  1938 | D:3      | Found a glowing golden altar of the Shining One.
  1947 | D:3      | Became a worshipper of the Wu Jian Council
  1949 | D:3      | Identified the +11 dagger of the Stained God {drain, rN+}
  2156 | D:1      | Quit the game

Illustrated notes

Levels and vault maps discovered:
D:1:      sevenhm_arrival_forest_fort_small_4, layout_basic
D:2:      layout_loops_corners
D:3:      layout_basic, chequers_temple_overflow_statue_of_worship,
          minmay_splitting_lines

Skill      XL: |  1  2  3  4 |
---------------+-------------+-----
Short Blades   | 3 4 |  4.2
Stealth        | 6 7 |  7.3
Fighting       | 3 |  3.4
Throwing       | |  2.1
Dodging        | |  1.2

Action                     |  1- 3 |  4- 6 || total
---------------------------+-------+-------++-------
  Melee: Dagger            |    72 |    76 ||   148
         Punch             |     1 |       ||     1
Ability: Lunge             |       |     4 ||     4
   Stab: Sleeping          |     7 |    22 ||    29
         Distracted        |     1 |       ||     1
 Armour: Robe              |    12 |    16 ||    28
  Dodge: Dodged            |    35 |    77 ||   112

Table legend: (Time is in decaauts)
 A = Elapsed time spent in this place.
 B = Non-inter-level travel time spent in this place.
 C = Inter-level travel time spent in this place.
 D = Time resting spent in this place.
 E = Time spent auto-exploring this place.
 F = Levels seen in this place.
 G = Mean time per level.
                   A        B        C        D        E       F      G
               +--------+--------+--------+--------+--------+-----+--------+
         Total |   2137 |   2012 |    125 |    241 |      0 |   3 |  712.3 |
       Dungeon |   2137 |   2012 |    125 |    241 |      0 |   3 |  712.3 |
               +--------+--------+--------+--------+--------+-----+--------+

Top non-repeatable levels by time:
     D:2: 1162 daAuts
     D:1: 896 daAuts
     D:3: 79 daAuts
